 Dungeon Crawl Stone Soup version 0.24.0-1-gfbc8707 (webtiles) character file.

Game seed: 6960949711141065123, levelgen mode: deterministic

122 MacrostheBlack the Sneak (level 4, -5/33 HPs)
             Began as a Vampire Assassin on Nov 9, 2019.
             Slain by Sigmund
             ... wielding a +3 scythe of venom
              (8 damage)
             ... on level 3 of the Dungeon.
             The game lasted 00:04:24 (1773 turns).

MacrostheBlack the Sneak (Vampire Assassin)         Turns: 1773, Time: 00:04:25

Health: -5/33      AC:  3    Str: 10    XL:     4   Next: 78%
Magic:  4/4        EV: 13    Int: 13    God:
Gold:   136        SH:  0    Dex: 16    Spells: 3/3 levels left

rFire    . . .     SeeInvis +   j - +0 dagger (venom)
rCold    . . .     Gourm    .   (no shield)
rNeg     . . .     Faith    .   b - +0 robe
rPois    .         Spirit   .   (no helmet)
rElec    .         Reflect  .   c - +0 cloak
rCorr    .         Harm     .   (no gloves)
MR       .....                  (no boots)
Stlth    +++.......             (no amulet)
HPRegen  0.31/turn              (no ring)
MPRegen  0.09/turn              (no ring)

@: lethally poisoned (-5 -> -10), regenerating quickly
A: no food, fangs 3, see invisible, unbreathing
a: Exsanguinate


You were on level 3 of the Dungeon.
You were alive.

You visited 1 branch of the dungeon, and saw 3 of its levels.

You collected 136 gold pieces.

Inventory:

Hand Weapons
 a - a +2 dagger
 j - a +0 dagger of venom (weapon)
Missiles
 d - 3 poisoned darts (quivered)
 e - 2 curare-tipped darts
 l - 19 sling bullets
 n - 143 stones
Armour
 b - a +0 robe (worn)
 c - a +0 cloak (worn)
Jewellery
 p - an uncursed ring of protection from fire {unknown}
Wands
 r - a wand of disintegration (6)
Scrolls
 f - a scroll of immolation {unknown}
 i - 3 scrolls of identify {unknown}
 k - 4 scrolls of remove curse {unknown}
 m - a scroll of fog {unknown}
 q - a scroll of enchant weapon {unknown}
 s - a scroll of amnesia {unknown}
Potions
 g - a potion of resistance {unknown}
 h - a potion of curing {unknown}
 o - a potion of heal wounds
 t - a potion of agility {unknown}


   Skills:
 - Level 2.0 Fighting
 * Level 4.5 Short Blades
 - Level 1.5 Throwing
 + Level 2.9 Dodging
 - Level 6.0 Stealth


You had 3 spell levels left.
You didn't know any spells.
Your spell library was empty.

Dungeon Overview and Level Annotations

Branches:
Dungeon (3/15)

Altars:
Fedhas
Vehumet

Annotations:
D:3 Sigmund


Innate Abilities, Weirdness & Mutations

You do not eat.
Your natural rate of healing is unusually fast.
You have razor-sharp teeth.
You have supernaturally acute eyesight. (SInv)
You can survive without breathing.


Message History

Throwing (i - inventory. (/) - cycle)
d - 4 poisoned darts (quivered)
Press: ? - help, Shift-Dir - straight line, f/p - Sigmund
Aim: Sigmund, wielding a +3 scythe of venom and wearing a +0 robe (severely wounded, poisoned, slightly transparent)
You throw a poisoned dart.
You feel sick. Sigmund gestures at you while chanting.
The puff of flame hits you!
You feel sick.
Sigmund looks more healthy.
Sigmund points at you and mumbles some strange words.
The puff of flame hits you!
* * * LOW HITPOINT WARNING * * *
You see here 2 poisoned darts.
You bump into the rock wall.
* * * LOW HITPOINT WARNING * * *
You feel sick.
You bump into the rock wall.
You feel less confused.
* * * LOW HITPOINT WARNING * * *
You feel sick.
Sigmund hits you from afar with a +3 scythe of venom!
You die...

#..# ##### ....# .#
###.#########.#####
.......##...>...@.#
###.##.##.###.###(# #+##
#.##.##.###.###@# #...#
#..#.##.##...##.# #.....
##.#.#.##.#.#.#...# #......
.......##.........####.......
.....................'.......
#....#######.....(####.......
##..# ##.##.## #..$...


You could see Sigmund (invisible).

Vanquished Creatures
  Terence (D:1)
  A gnoll (D:1)
  6 adders
  2 worms
  5 bats
  3 giant cockroaches
  5 goblins
  2 hobgoblins (D:2)
  4 kobolds
  A quokka (D:2)
  A frilled lizard (D:2)
  3 rats
34 creatures vanquished.

Notes
Turn   | Place    | Note
-------+----------+-------------------------------------------
     0 | D:1      | MacrostheBlack the Vampire Assassin began the quest for the
                  | Orb.
     0 | D:1      | Reached XP level 1. HP: 16/16 MP: 1/1
    19 | D:1      | You fall into a shaft and drop 1 floor!
    48 | D:2      | Noticed Terence
    81 | D:2      | Reached skill level 6 in Stealth
    81 | D:2      | Reached XP level 2. HP: 22/22 MP: 2/2
   124 | D:1      | Killed Terence
   124 | D:1      | Reached XP level 3. HP: 8/27 MP: 3/3
   674 | D:2      | Reached XP level 4. HP: 22/33 MP: 4/4
   788 | D:2      | Found a blossoming altar of Fedhas.
  1540 | D:3      | Found a radiant altar of Vehumet.
  1750 | D:3      | Noticed Sigmund
  1773 | D:3      | Slain by Sigmund

Levels and vault maps discovered:
D:1:      noname_arrival_rooms_in_the_neighbourhood, layout_rooms, st_stairs_6
D:2:      layout_basic, minmay_misc_feat_tower, fedhas_altar_1, uniq_terence
D:3:      layout_loops_corners, vehumet_crystals,
          chequers_ecumenical_altar_island, corexii_leaking_fountain,
          uniq_sigmund

Skill      XL: |  1  2  3  4 |
---------------+-------------+-----
Fighting       | 2 |  2.0
Stealth        | 6 |  6.0
Short Blades   | 3 4 |  4.5
Dodging        | 2 |  2.9
Throwing       | |  1.5

Action                   |  1- 3 |  4- 6 || total
-------------------------+-------+-------++-------
Melee: Dagger            |    56 |    45 ||   101
       Bite              |     3 |     7 ||    10
Throw: Dart              |     5 |     5 ||    10
  Use: Potion            |       |     1 ||     1
 Stab: Sleeping          |     5 |     7 ||    12
Armor: Robe              |     5 |     5 ||    10
Dodge: Dodged            |    28 |    14 ||    42
